 Dungeon Crawl Stone Soup version 0.23-a0-241-g3b46b07 (webtiles) character file.

54 namelastname112 the Sneak (level 3, -2/30 HPs)
             Began as a Draconian Assassin on Sept 27, 2018.
             Killed from afar by an orc wizard (5 damage)
             ... with a magic dart
             ... on level 2 of the Dungeon.
             The game lasted 00:01:53 (1353 turns).

namelastname112 the Sneak (Draconian Assassin)      Turns: 1353, Time: 00:01:54

Health: -2/30      AC:  7    Str: 11    XL:     3   Next: 66%
Magic:  3/3        EV: 17    Int: 11    God:
Gold:   51         SH:  0    Dex: 18    Spells: 2/2 levels left

rFire    . . .     SeeInvis .   a - +2 dagger
rCold    + . .     Gourm    .   (no shield)
rNeg     + . .     Faith    +   (armour unavailable)
rPois    .         Spirit   .   (helmet restricted)
rElec    .         Reflect  .   c - +0 cloak
rCorr    .         Harm     .   (no gloves)
MR       .....     Clarity  +   k - +0 pair of boots
Stlth    ++++......             h - amulet of faith
HPRegen  0.10/turn              n - ring of positive energy
MPRegen  0.08/turn              (no ring)

@: agile, flying
A: unfitting armour, blurry vision 1, clarity, cold resistance 1, weak 1,
cold-blooded, AC +5
a: no special abilities


You were on level 2 of the Dungeon.
You were not hungry.

You visited 1 branch of the dungeon, and saw 2 of its levels.

You collected 51 gold pieces.

Inventory:

Hand Weapons
 a - a +2 dagger (weapon)
 b - a +0 blowgun
Missiles
 d - 7 poisoned needles
 e - 2 curare-tipped needles
Armour
 c - a +0 cloak (worn)
 k - a +0 pair of boots (worn)
Jewellery
 h - an amulet of faith (around neck)
 n - a ring of positive energy (left hand)
Scrolls
 i - 3 scrolls of teleportation {unknown}
 l - 2 scrolls of random uselessness {unknown}
 p - a scroll of remove curse {unknown}
Comestibles
 f - 2 rations
 q - 3 chunks of flesh


   Skills:
 + Level 2.6 Fighting
 * Level 2.7 Short Blades
 + Level 2.1 Throwing
 + Level 1.3 Dodging
 * Level 4.0 Stealth


You had 2 spell levels left.
You didn't know any spells.
Your spell library was empty.

Dungeon Overview and Level Annotations

Branches:
Dungeon (2/15)

Altars:


Innate Abilities, Weirdness & Mutations

Your plain brown scales are hard. (AC +5)
You cannot fit into any form of body armour.
You are cold-blooded and may be slowed by cold attacks.
Scrolls take you a little longer to read.
You possess an exceptional clarity of mind.
Your flesh is cold resistant. (rC+)
You are weak. (Str -2)


Message History

You take 5 damage, and have 3/30 hp.
It was a potion of agility.
You feel agile all of a sudden. Something hits you but does no damage.
It was a potion of mutation.
You feel extremely strange.
Your vision blurs.
Your thoughts seem clearer.
You feel weaker.
You feel resistant to cold. Something hits you but does no damage.
It was a potion of magic.
Magic courses through your body. Something hits you but does no damage.
You miss something. Something hits you but does no damage.
You hit something.
You hear some strange, mumbled words.
A puff of flame appears from out of thin air!
The puff of flame misses you.
You barely miss something.
You hear some strange, mumbled words.
A magic dart appears from out of thin air!
The magic dart hits you!
You die...

.... #.#.##..###.# #.#.
#.#.##..# #.#
##.#.######.#.##..# #.#
#........##.#.....# #.#
....##.##.#.##.## #.##
.##.##.)##.##......####.##
........##.####...[.....#.
###...#.##.####.#.).####..
........{@.............+..
###...#.#########.(.####..
##.##.# #..## ##. ## ...
#.## ## .#.# #.# ## #.#.#
#.. .. # ..# #.. #. .# #.
#.


There were no monsters in sight!

Vanquished Creatures
  An adder (D:2)
  A gnoll (D:1)
  A worm (D:2)
  A dart slug (D:1)
  A leopard gecko (D:1)
  4 orcs (D:2)
  4 bats (D:1)
  A giant cockroach (D:1)
  A goblin (D:1)
  A hobgoblin (D:1)
  2 frilled lizards (D:1)
  4 kobolds (D:1)
  7 rats (D:1)
29 creatures vanquished.

Notes
Turn   | Place    | Note
-------+----------+-------------------------------------------
     0 | D:1      | namelastname112 the Draconian Assassin began the quest for
                  | the Orb.
     0 | D:1      | Reached XP level 1. HP: 17/17 MP: 1/1
    27 | D:1      | Reached skill level 1 in Dodging
   192 | D:1      | Reached XP level 2. HP: 25/25 MP: 2/2
   650 | D:1      | Reached XP level 3. HP: 6/30 MP: 3/3
  1250 | D:2      | Reached skill level 4 in Stealth
  1349 | D:2      | Gained mutation: Scrolls take you a little longer to read.
                  | [potion of mutation]
  1349 | D:2      | Gained mutation: You possess an exceptional clarity of
                  | mind. [potion of mutation]
  1349 | D:2      | Gained mutation: You are weak. (Str -2) [potion of
                  | mutation]
  1349 | D:2      | Gained mutation: Your flesh is cold resistant. (rC+)
                  | [potion of mutation]
  1353 | D:2      | Killed from afar by an orc wizard

Vault maps used:
D:1:      onia_arrival_larder, serial_corexii_hall, corexii_hall_statues_i,
          corexii_hall_statues_u, corexii_hall_statues_i,
          corexii_hall_statues_l, corexii_hall_statues_l, corexii_hall_statues_l
D:2:      grunt_qazlal_sundering, uniq_natasha, uniq_terence

Skill      XL: |  1  2  3 |
---------------+----------+-----
Dodging        | 1 |  1.3
Throwing       | 2 |  2.1
Stealth        | 4 |  4.0
Fighting       | |  2.6
Short Blades   | |  2.7

Action                   || total
-------------------------++-------
Melee: Dagger            ||    76
       Tailslap          ||    14
 Fire: Blowgun           ||     5
  Use: Potion            ||     4
 Stab: Sleeping          ||    10
  Eat: Chunk             ||     1
Armor: Skin              ||    17
Dodge: Dodged            ||    30

Table legend:
 A = Non-vault XP
 B = Vault XP
 C = Vault XP percentage of total XP
 D = Non-vault monster count
 E = Vault monster count
 F = Vault count percentage of total count
                 A         B        C        D         E       F
            +---------+---------+-------+---------+---------+-------
      Total |      73 |       5 |   6.4 |      25 |       4 |  13.8
            +---------+---------+-------+---------+---------+-------
        D:1 |      42 |       5 |  10.6 |      19 |       4 |  17.4
        D:2 |      31 |       0 |   0.0 |       6 |       0 |   0.0
            +---------+---------+-------+---------+---------+-------
